 Dungeon Crawl Stone Soup version 0.25-a0-561-g0977b4d109 (webtiles) character file.

Game seed: 13244788691600735681, levelgen mode: deterministic

82 Flugslaktarn the Covered (level 4, -4/42 HPs)
             Began as a Deep Dwarf Fighter on Feb 25, 2020.
             Slain by Blork the orc
             ... wielding a +0 dire flail
              (10 damage)
             ... on level 4 of the Dungeon.
             The game lasted 00:00:25 (391 turns).

Flugslaktarn the Covered (Deep Dwarf Fighter)        Turns: 391, Time: 00:00:26

Health: -4/42      AC:  7    Str: 21    XL:     4   Next: 21%
Magic:  4/4        EV:  7    Int:  8    God:
Gold:   98         SH:  9    Dex: 12    Spells: 3/3 levels left

rFire    . . .     SeeInvis .   a - +0 war axe
rCold    . . .     Gourm    .   c - +0 kite shield
rNeg     . . .     Faith    .   b - +0 scale mail
rPois    .         Spirit   .   (no helmet)
rElec    .         Reflect  .   (no cloak)
rCorr    .         Harm     .   (no gloves)
MR       .....                  (no boots)
Stlth    ..........             (no amulet)
HPRegen  0.00/turn              (no ring)
MPRegen  0.09/turn              (no ring)

@: non-regenerating
A: damage resistance, heal wounds, sense surroundings 1, no regeneration
a: Heal Wounds


You were on level 4 of the Dungeon.
You were not hungry.

You visited 1 branch of the dungeon, and saw 4 of its levels.

You collected 98 gold pieces.

Inventory:

Hand Weapons
 a - a +0 war axe (weapon)
Armour
 b - a +0 scale mail (worn)
 c - a +0 kite shield (worn)
Wands
 o - a wand of enslavement (6)
   (You took it off Ijyb on level 4 of the Dungeon)
Scrolls
 f - a scroll of teleportation {unknown}
 h - a scroll of enchant armour {unknown}
 k - a scroll of fear {unknown}
 l - a scroll of enchant weapon {unknown}
Potions
 d - 2 potions of might
 i - 2 potions of mutation {unknown}
 j - a potion of brilliance {unknown}
 m - a potion of resistance {unknown}
 n - a potion of degeneration {unknown}
Comestibles
 e - a ration
 g - 10 chunks of flesh


   Skills:
 + Level 3.1 Fighting
 * Level 3.5 Axes
 + Level 3.8 Armour
 + Level 3.8 Shields


You had 3 spell levels left.
You didn't know any spells.
Your spell library was empty.

Dungeon Overview and Level Annotations

Branches:
Dungeon (4/15)
 Temple: D:4-7

Altars:

Annotations:
D:4 Blork the orc


Innate Abilities, Weirdness & Mutations

You are resistant to damage.
You can heal yourself by infusing magical energy.
You passively map a small area around you.
You do not regenerate.


Message History

Blork the orc mumbles some strange words.
Blork the orc flickers and vanishes!
Deactivating autopickup; reactivate with Ctrl-A.
No target in view!
No target in view!
No target in view!
No target in view!
No target in view!
There is a strange disturbance nearby!
There is a strange disturbance nearby!
You miss something. Something hits you but does no damage.
You hear some strange, mumbled words.
A magic dart appears from out of thin air!
The magic dart hits you.
You barely miss something. Something hits you! You block something's attack.
You miss something. Something hits you!
* * * LOW HITPOINT WARNING * * *
You block something's attack.
You barely miss something. Something hits you!
You die...

, , * #. #.# #.# #.#
** * , ** .. ... , ,
, ..#.# , ***.#.#####
, * * ...,..# , , , *
, ,#{# #.# *
.#.#.#@###.## *
.(........#..#####.#.
#.#.#................
,#.....##.######.###
*,
#.###.#.......#.....
* * , ,#.
..#...#.###..##.
#######...#.# #..##.
* *
..........###..##. ,
..................


There were no monsters in sight!

Vanquished Creatures
  Ijyb (D:4)
  2 adders
  An ooze (D:3)
  2 worms (D:2)
  A dart slug (D:1)
  An orc (D:3)
  3 bats
  A giant cockroach (D:1)
  4 goblins
  A hobgoblin (D:1)
  2 quokkas
  4 kobolds (D:2)
  4 rats
27 creatures vanquished.

Notes
Turn   | Place    | Note
-------+----------+-------------------------------------------
     0 | D:1      | Flugslaktarn the Deep Dwarf Fighter began the quest for the
                  | Orb.
     0 | D:1      | Reached XP level 1. HP: 20/20 MP: 1/1
    97 | D:1      | Reached XP level 2. HP: 21/27 MP: 2/2
   152 | D:2      | Reached XP level 3. HP: 32/34 MP: 3/3
   332 | D:4      | Noticed Ijyb
   343 | D:4      | Killed Ijyb
   343 | D:4      | Reached XP level 4. HP: 28/42 MP: 4/4
   366 | D:4      | Noticed Blork the orc
   391 | D:4      | Slain by Blork the orc

Levels and vault maps discovered:
D:1:      minmay_arrival_wavy_path, layout_basic
D:2:      layout_rooms, fedhas_altar_fruit_tree
D:3:      layout_basic, first_ration, led_sif_book, uniq_jessica
D:4:      layout_basic, minmay_temple_entry_enclosed_plants, serial_glass,
          glass_columns_a, glass_columns_b, due_unseen_surprise,
          item_on_display_a, uniq_ijyb, uniq_blork_the_orc

Skill      XL: |  1  2 |
---------------+-------+-----
Axes           | 3 |  3.5
Fighting       | 3 |  3.1
Armour         | |  3.8
Shields        | |  3.8

Action                   |  1- 3 |  4- 6 || total
-------------------------+-------+-------++-------
Melee: War axe           |    94 |    21 ||   115
 Abil: Heal Wounds       |     1 |     2 ||     3
Armor: Scale mail        |    40 |     3 ||    43
Dodge: Dodged            |    28 |     5 ||    33
Block: Kite shield       |    57 |    13 ||    70

Table legend:
 A = Non-vault XP
 B = Vault XP
 C = Vault XP percentage of total XP
 D = Non-vault monster count
 E = Vault monster count
 F = Vault count percentage of total count
                 A         B        C        D         E       F
            +---------+---------+-------+---------+---------+-------
      Total |      83 |      35 |  29.7 |      26 |       1 |   3.7
            +---------+---------+-------+---------+---------+-------
        D:1 |      15 |       0 |   0.0 |       7 |       0 |   0.0
        D:2 |      43 |       0 |   0.0 |      15 |       0 |   0.0
        D:3 |      12 |       0 |   0.0 |       3 |       0 |   0.0
        D:4 |      13 |      35 |  72.9 |       1 |       1 |  50.0
            +---------+---------+-------+---------+---------+-------
